 Dungeon Crawl Stone Soup version 0.32-a0-314-g526f7d4993 (webtiles) character file.

Game seed: 4991974560762266367

255 IdlyInterested the Covered (level 5, -1/42 HPs)
             Began as a Demonspawn Fighter on Feb 15, 2024.
             Slain by a gnoll
             ... wielding a +0 flail
              (3 damage)
             ... on level 3 of the Dungeon.
             The game lasted 00:06:53 (1983 turns).

IdlyInterested the Covered (Demonspawn Fighter)     Turns: 1983, Time: 00:06:53

Health: -1/42      AC: 11    Str: 16    XL:     5   Next: 91%
Magic:  5/5        EV: 11    Int:  8    God:
Gold:   85         SH:  6    Dex: 15    Spells: 4/4 levels left

rFire   . . .        e - +1 dagger (elec)
rCold   . . .        b - +1 buckler
rNeg    . . .        a - +0 scale mail
rPois   .            (no helmet)
rElec   .            n - +2 cloak
rCorr   .            (no gloves)
SInv    .            (no boots)
Will    .....        (no amulet) Stlth
                     d - ring of flight
HPRegen 0.27/turn    w - +5 ring of evasion
MPRegen 0.09/turn

%: no passive effects
@: flying, constricted
A: hooves 1, sharp scales 1
a: no special abilities


You were on level 3 of the Dungeon.
You visited 1 branch of the dungeon, and saw 3 of its levels.

You collected 85 gold pieces.

Inventory:

Hand Weapons
 e - a +1 dagger of electrocution (weapon)
 g - a +0 spear
 l - a +0 short sword
 m - a +0 flail
Missiles
 f - 48 stones (quivered)
Armour
 a - a +0 scale mail (worn)
 b - a +1 buckler (worn)
 n - a +2 cloak (worn)
 p - the +1 pair of boots of Lifelessness {^Drain +Blink Will+ rCorr Str+3}
   (You found it on level 2 of the Dungeon)

   Str+3:     It affects your strength (+3).
   Will+:     It increases your willpower.
   +Blink:    It lets you blink.
   rCorr:     It protects you from acid and corrosion.
   ^Drain:    It drains your maximum health when unequipped.
Jewellery
 d - a ring of flight (left hand)
 q - a ring of wizardry
 w - a +5 ring of evasion (right hand)
Scrolls
 h - 4 scrolls of teleportation
 i - a scroll of poison {unknown}
 j - a scroll of fear {unknown}
 k - 2 scrolls of fog {unknown}
 r - a scroll of enchant armour
 u - a scroll of butterflies {unknown}
 v - a scroll of immolation {unknown}
Potions
 c - a potion of might
 o - a potion of invisibility {unknown}
 s - a potion of magic {unknown}
 t - a potion of lignification {unknown}


   Skills:
 - Level 4.0 Fighting
 - Level 4.0 Armour
 - Level 1.0 Dodging
 - Level 1.0 Stealth
 + Level 3.8 Shields
 - Level 2.0 Unarmed Combat
 - Level 1.0 Evocations
 - Level 1.0 Shapeshifting


You had 4 spell levels left.
You didn't know any spells.
Your spell library contained the following spells:

 Spells                   Type           Power      Damage    Failure   Level
 Magic Dart               Conj           0%         1d3       88%         1
 Blink                    Tloc           0%         N/A       96%         2
 Call Imp                 Summ           0%         N/A       96%         2


Dungeon Overview and Level Annotations

Branches:
Dungeon (3/15)

Altars:


Innate Abilities, Weirdness & Mutations

You have large cloven feet.
You are partially covered in razor-sharp scales. (AC +1, Slay +1)


Message History

You hit the gnoll. Your kick misses the gnoll.
The gnoll is almost dead.
The gnoll barely misses you. The rat misses you. You block the gnoll's attack.
You closely miss the gnoll. You kick the gnoll.
The gnoll is almost dead.
The gnoll hits you but does no damage. The rat bites you but does no damage.
The gnoll hits you with a +0 flail.
You hit the gnoll but do no damage.
The gnoll is almost dead.
The rat barely misses you. You block the gnoll's attack. The gnoll misses you.
You barely miss the gnoll.
The gnoll is almost dead.
You block the gnoll's attack. You block the rat's attack.
The gnoll hits you with a +0 flail.
* * * LOW HITPOINT WARNING * * *
You hit the gnoll.
The gnoll is almost dead.
You block the gnoll's attack. The rat bites you but does no damage.
The gnoll hits you with a +0 flail.
* * * LOW HITPOINT WARNING * * *
You hit the gnoll.
You kill the gnoll!
The rat bites you but does no damage. You block the gnoll's attack.
You block the ball python's attack. The ball python closely misses you.
You barely miss the gnoll. Your kick misses the gnoll.
The ball python bites you but does no damage.
The ball python grabs you. The ball python constricts you.
The rat barely misses you. The gnoll hits you with a +0 flail.
* * * LOW HITPOINT WARNING * * *
You hit the gnoll.
The gnoll is moderately wounded.
The ball python completely misses you. The ball python constricts you.
The rat bites you.
* * * LOW HITPOINT WARNING * * *
The gnoll barely misses you.
You barely miss the gnoll.
The gnoll is moderately wounded.
The ball python barely misses you. The ball python constricts you.
The rat bites you but does no damage. The gnoll hits you with a +0 flail.
You die...

#............# #.#
#............#######.#
#..........#......)...
#......###.########.#.
#......# #.# #.##
#......# #.# #.#
######'####.# #.#
#.....)r..#... #.#
#.....@g...... #.#
#......S...... ..#
#.............
#.............
#.............
#.............
#########..... .....


You could see a gnoll, a ball python and a rat.

Vanquished Creatures
  2 orc wizards (D:3)
  7 gnolls
  2 adders
  2 ribbon worms
  A dart slug (D:1)
  4 orcs (D:3)
  7 endoplasms
  6 goblins
  4 hobgoblins
  3 jackals (D:1)
  7 quokkas
  6 ball pythons
  4 bats
  A frilled lizard (D:1)
  3 kobolds
  5 rats
64 creatures vanquished.

Notes
Turn   | Place    | Note
-------+----------+-------------------------------------------
     0 | D:1      | IdlyInterested the Demonspawn Fighter began the quest for
                  | the Orb.
     0 | D:1      | Reached XP level 1. HP: 18/18 MP: 1/1
    53 | D:1      | Gained mutation: You have large cloven feet. [demonic
                  | ancestry]
    53 | D:1      | Reached XP level 2. HP: 10/24 MP: 2/2
   435 | D:1      | Reached XP level 3. HP: 25/29 MP: 3/3
   742 | D:2      | Reached skill level 1 in Dodging
   821 | D:2      | Gained mutation: You are partially covered in razor-sharp
                  | scales. (AC +1, Slay +1) [demonic ancestry]
   821 | D:2      | Reached XP level 4. HP: 35/35 MP: 4/4
   834 | D:2      | Reached skill level 1 in Stealth
   855 | D:2      | Reached skill level 1 in Evocations
  1129 | D:2      | Found a faded altar of an unknown god.
  1133 | D:2      | Reached skill level 1 in Shapeshifting
  1251 | D:2      | Identified the +1 pair of boots of Lifelessness {^Drain
                  | +Blink Will+ rCorr Str+3}
  1607 | D:3      | Reached XP level 5. HP: 26/41 MP: 5/5
  1982 | D:3      | HP: 1/42 [rat (3)]
  1983 | D:3      | Slain by a gnoll

Illustrated notes

Levels and vault maps discovered:
D:1:      lightli_arrival_lavapool, layout_rooms
D:2:      layout_basic, shapermc_ecumenical_altar_mp_highgroup
D:3:      layout_basic, minitemple, serial_shops, nicolae_shop_back_alley_shop

Skill      XL: |  1  2  3  4  5 |
---------------+----------------+-----
Unarmed Combat | 2 |  2.0
Armour         | 3 4 |  4.0
Dodging        | 1 |  1.0
Shields        | 3 |  3.8
Stealth        | 1 |  1.0
Evocations     | 1 |  1.0
Shapeshifting  | 1 |  1.0
Fighting       | 4 |  4.0

Action                     |  1- 3 |  4- 6 || total
---------------------------+-------+-------++-------
  Melee: Unarmed           |    21 |       ||    21
         Dagger            |    70 |   133 ||   203
         Kick              |    12 |    31 ||    43
    Use: Scroll            |     1 |     1 ||     2
 Armour: Scale mail        |    63 |   132 ||   195
  Dodge: Dodged            |    36 |    74 ||   110
  Block: Buckler           |    15 |    43 ||    58

Table legend: (Time is in decaauts)
 A = Elapsed time spent in this place.
 B = Non-inter-level travel time spent in this place.
 C = Inter-level travel time spent in this place.
 D = Time resting spent in this place.
 E = Time spent auto-exploring this place.
 F = Levels seen in this place.
 G = Mean time per level.
                   A        B        C        D        E       F      G
               +--------+--------+--------+--------+--------+-----+--------+
         Total |   1990 |   1911 |     79 |    375 |    967 |   3 |  663.3 |
       Dungeon |   1990 |   1911 |     79 |    375 |    967 |   3 |  663.3 |
               +--------+--------+--------+--------+--------+-----+--------+

Top non-repeatable levels by time:
     D:2: 844 daAuts
     D:1: 719 daAuts
     D:3: 426 daAuts
